 Dungeon Crawl Stone Soup version 0.31-a0-142-g31f6795574 (webtiles) character file.

Game seed: 17695543849627428780

254 pokeman the Magician (level 5, 0/29 HPs)
             Began as a Deep Elf Hedge Wizard on June 3, 2023.
             Was an Initiate of Vehumet.
             Slain by Pikel
             ... wielding a +0 whip of freezing
              (10 damage)
             ... on level 4 of the Dungeon.
             The game lasted 00:07:53 (4565 turns).

pokeman the Magician (Deep Elf Hedge Wizard)        Turns: 4565, Time: 00:07:54

Health: 0/29       AC:  7    Str: 13    XL:     5   Next: 90%
Magic:  14/16      EV: 12    Int: 21    God:    Vehumet [......]
Gold:   196        SH:  0    Dex: 14    Spells: 5/17 levels left

rFire   + + .        k - +2 war axe (flame)
rCold   + . .        (no shield)
rNeg    . . .        m - +0 leather armour of Happy Babbling {rElec rF+}
rPois   .            j - +0 helmet
rElec   +            r - scarf {rC+ rF+}
rCorr   .            (no gloves)
SInv    .            e - +2 pair of boots
Will    .....        (no amulet)
Stlth   ++           p - +6 ring of strength
HPRegen 0.24/turn    (no ring)
MPRegen 0.15/turn

%: no passive effects
@: no status effects
A: no striking features
a: Renounce Religion


You were on level 4 of the Dungeon.
You worshipped Vehumet.
Vehumet was noncommittal.
You visited 2 branches of the dungeon, and saw 5 of its levels.

You collected 196 gold pieces.

Inventory:

Hand Weapons
 k - a +2 war axe of flaming (weapon)
Missiles
 o - a throwing net
Armour
 e - a +2 pair of boots (worn)
 j - a +0 helmet (worn)
 m - the +0 leather armour of Happy Babbling (worn) {rElec rF+}
   (You found it on level 3 of the Dungeon)

   rF:        It protects you from fire.
   rElec:     It insulates you from electricity.
 r - a scarf of resistance (worn)
Magical Staves
 b - a staff of poison
Jewellery
 p - a +6 ring of strength (left hand)
Wands
 i - a wand of roots (10)
Scrolls
 a - 2 scrolls of magic mapping {unknown}
 c - 3 scrolls of identify {unknown}
 g - 2 scrolls of teleportation {unknown}
 h - a scroll of poison {unknown}
 q - 2 scrolls of torment {unknown}
Potions
 d - a potion of magic
 f - a potion of haste {unknown}
 l - a potion of brilliance {unknown}
 n - 2 potions of lignification {unknown}
 s - a potion of degeneration {unknown}


   Skills:
 - Level 1.0 Fighting
 - Level 1.0 Armour
 - Level 3.0 Dodging
 - Level 3.1 Stealth
 * Level 6.5 Spellcasting
 + Level 2.7 Conjurations
 - Level 1.1 Summonings
 - Level 1.1 Translocations
 + Level 1.1 Fire Magic
 + Level 0.8 Air Magic
 - Level 1.0 Poison Magic
 + Level 0.8 Evocations


You had 5 spell levels left.
You knew the following spells:

 Your Spells              Type           Power      Damage    Failure   Level
a - Magic Dart            Conj           72%        1d6       3%          1
b - Mephitic Cloud        Conj/Pois/Air  13%        N/A       19%         3
c - Call Imp              Summ           22%        N/A       12%         2
d - Blink                 Tloc           22%        N/A       12%         2
e - Flame Wave            Conj/Fire      15%        2d7       45%         4

Your spell library contained the following spells:

 Spells                   Type           Power      Damage    Failure   Level
 Slow                     Hex            24%        N/A       12%         1
 Cigotuvi's Dreadful Rot  Necr/Pois/Air  18%        N/A       14%         2
 Inner Flame              Hex/Fire       9%         N/A       28%         3
 Sticky Flame             Conj/Fire      15%        2d4       45%         4


Dungeon Overview and Level Annotations

Branches:
Dungeon (4/15)             Temple (1/1) D:4

Altars:
Ashenzari
Cheibriados
Elyvilon
Fedhas
Gozag
Kikubaaqudgha
Makhleb
Nemelex Xobeh
Ru
Trog
Uskayaw
Vehumet
Wu Jian
The Shining One

Shops:
D:1 =

Annotations:
D:4 Pikel


Message History

The lemure is engulfed in noxious fumes.
The lemure appears confused.
You barely miss the lemure.
The lemure is moderately wounded.
Pikel is engulfed in noxious fumes.
Pikel appears confused.
Pikel looks very confused.
The lemure is engulfed in noxious fumes.
The lemure appears confused.
The lemure misses you.
You hit the lemure. You burn the lemure.
The lemure is severely wounded.
The lemure closely misses you.
Pikel is engulfed in noxious fumes.
Pikel appears confused.
Pikel barely misses the lemure.
Pikel hits the lemure with a +0 whip of freezing!
Pikel freezes the lemure.
The lemure is killed!
That felt strangely unrewarding.
You hit Pikel but do no damage.
Pikel hits you with a +0 whip of freezing.
Pikel freezes you.
Pikel hits himself with a +0 whip of freezing.
Pikel freezes himself.
You barely miss Pikel.
Pikel is moderately wounded.
Pikel hits you but does no damage.
You barely miss Pikel.
Pikel is moderately wounded.
You slash Pikel! You burn Pikel.
Pikel is heavily wounded.
Pikel barely misses you.
Pikel hits you with a +0 whip of freezing!
Pikel freezes you.
You hit Pikel. You burn Pikel.
Pikel is severely wounded.
Pikel hits you but does no damage.
You catch the helpless Pikel completely off-guard!
You hit Pikel. You burn Pikel.
Pikel is severely wounded.
Pikel hits you with a +0 whip of freezing.
Pikel hits you with a +0 whip of freezing!
You die...

...#####....#.#..# .
#.K..#.#..# ####.#....# ##
#....#.# #.##########.#.#######
###.....................
#........##...[#.##############
#........#..####K#....<......(#
#........'†## #@#.###.#..##.##
#......<.### #.#.....#..##.#
#........# #.#...#.#..##.#
#........# #.#.###.#..##.#
#........# #.#.....#..##.#
##..###### #.#######..##.#
....# ######..........##.#
.##########...##########.###.#
.#.....).................# #.#


You could see Pikel (confused).

Vanquished Creatures
  4 lemures (D:4)
  A hound (D:4)
  An orc priest (D:4)
  A jelly (D:4)
  Natasha (twice) (D:4)
  Robin (D:2)
  An adder (D:2)
  2 worms
  2 dart slugs (D:2)
  5 orcs (D:4)
  6 ball pythons
  5 bats
  7 endoplasms
  2 giant cockroaches
  11 goblins
  13 hobgoblins
  3 jackals (D:4)
  7 kobolds
  2 quokkas (D:2)
  4 frilled lizards
  4 rats
84 creatures vanquished.

Notes
Turn   | Place    | Note
-------+----------+-------------------------------------------
     0 | D:1      | pokeman the Deep Elf Hedge Wizard began the quest for the
                  | Orb.
     0 | D:1      | Reached XP level 1. HP: 10/10 MP: 7/7
   370 | D:1      | Found Becub's One-of-a-Kind Rings.
   475 | D:1      | Reached XP level 2. HP: 16/16 MP: 4/9
  1401 | D:2      | Reached skill level 5 in Spellcasting
  1424 | D:2      | Noticed Robin
  1425 | D:2      | Reached XP level 3. HP: 18/20 MP: 2/11
  1518 | D:1      | Learned a level 3 spell: Mephitic Cloud
  1521 | D:1      | Learned a level 2 spell: Call Imp
  1524 | D:1      | Learned a level 2 spell: Blink
  1550 | D:2      | Killed Robin
  1551 | D:2      | Reached skill level 1 in Fighting
  1672 | D:2      | Reached skill level 1 in Armour
  2020 | D:2      | Reached XP level 4. HP: 25/25 MP: 8/13
  2749 | D:3      | Identified the +0 leather armour of Happy Babbling {rElec
                  | rF+}
  3378 | D:4      | Noticed Natasha
  3390 | D:4      | Killed Natasha
  3391 | D:4      | Reached skill level 6 in Spellcasting
  3391 | D:4      | Reached XP level 5. HP: 23/29 MP: 7/15
  3553 | D:4      | Learned a level 4 spell: Flame Wave
  4001 | D:4      | Reached skill level 1 in Poison Magic
  4012 | D:4      | Reached skill level 1 in Fire Magic
  4072 | D:4      | Found a staircase to the Ecumenical Temple.
  4079 | Temple   | Entered the Ecumenical Temple
  4202 | Temple   | Became a worshipper of Vehumet
  4335 | D:4      | Noticed Natasha
  4346 | D:4      | Killed Natasha
  4396 | D:4      | Noticed a lemure
  4398 | D:4      | Noticed a lemure
  4405 | D:4      | Noticed a lemure
  4407 | D:4      | Noticed a lemure
  4412 | D:4      | Killed a lemure
  4414 | D:4      | Noticed Pikel
  4415 | D:4      | Killed a lemure
  4421 | D:4      | Killed a lemure
  4558 | D:4      | Killed a lemure
  4565 | D:4      | Slain by Pikel

Illustrated notes

Levels and vault maps discovered:
D:1:      mrwooster_arrival_statue_2, layout_loops_corners,
          nicolae_shop_unique_rings, chequers_avenue, minmay_misc_feat_five,
          kennysheep_another_room
D:2:      layout_loops_corners, grunt_ministairs_11, uniq_robin
D:3:      layout_basic
D:4:      layout_basic, minmay_temple_entry_sparse_star, serial_glass,
          glass_columns_b, glass_columns_a, uniq_natasha, uniq_pikel
Temple:   hc_temple_tempest_star

Skill      XL: |  1  2  3  4  5 |
---------------+----------------+-----
Spellcasting   | 5 6 |  6.5
Fighting       | 1 |  1.0
Armour         | 1 |  1.0
Conjurations   | 2 |  2.7
Dodging        | 3 |  3.0
Stealth        | 3 |  3.1
Poison Magic   | 1 |  1.0
Fire Magic     | 1 |  1.1
Summonings     | |  1.1
Translocations | |  1.1
Air Magic      | |  0.8
Evocations     | |  0.8

Action                     |  1- 3 |  4- 6 || total
---------------------------+-------+-------++-------
  Melee: Short sword       |    21 |       ||    21
         Punch             |     1 |       ||     1
         War axe           |       |    33 ||    33
   Cast: Magic Dart        |    83 |    94 ||   177
         Mephitic Cloud    |     2 |     9 ||    11
         Blink             |       |     1 ||     1
         Call Imp          |       |     1 ||     1
   Stab: Sleeping          |     1 |       ||     1
         Confused          |     2 |     3 ||     5
 Armour: Robe              |     5 |     1 ||     6
         Leather armour    |       |     9 ||     9
  Dodge: Dodged            |    12 |    28 ||    40

Table legend: (Time is in decaauts)
 A = Elapsed time spent in this place.
 B = Non-inter-level travel time spent in this place.
 C = Inter-level travel time spent in this place.
 D = Time resting spent in this place.
 E = Time spent auto-exploring this place.
 F = Levels seen in this place.
 G = Mean time per level.
                   A        B        C        D        E       F      G
               +--------+--------+--------+--------+--------+-----+--------+
         Total |   4580 |   4417 |    163 |    188 |   3640 |   5 |  916.0 |
       Dungeon |   4447 |   4308 |    139 |    188 |   3546 |   4 | 1111.8 |
        Temple |    132 |    108 |     24 |      0 |     94 |   1 |  132.0 |
               +--------+--------+--------+--------+--------+-----+--------+

Top non-repeatable levels by time:
     D:2: 1500 daAuts
     D:1: 1181 daAuts
     D:4: 1110 daAuts
     D:3: 655 daAuts
  Temple: 132 daAuts
